 Dungeon Crawl Stone Soup version 0.22-a0-619-ga0c6fd2 (webtiles) character file.

48 Hebeh the Firebug (level 3, 0/19 HPs)
             Began as a Deep Elf Fire Elementalist on July 15, 2018.
             Slain by a rat (1 damage)
             ... on level 2 of the Dungeon.
             The game lasted 00:05:22 (2084 turns).

Hebeh the Firebug (Deep Elf Fire Elementalist)      Turns: 2084, Time: 00:05:22

Health: 0/19       AC:  2    Str:  5    XL:     3   Next: 50%
Magic:  0/10       EV: 13    Int: 20    God:
Gold:   64         SH:  0    Dex: 15    Spells: 0/9 levels left

rFire    . . .     SeeInvis .   h - +0 club
rCold    . . .     Gourm    .   (no shield)
rNeg     . . .     Faith    .   a - +0 robe
rPois    .         Spirit   .   (no helmet)
rElec    .         Reflect  .   (no cloak)
rCorr    .         Harm     .   (no gloves)
MR       .....                  (no boots)
Stlth    ++........             (no amulet)
HPRegen  0.06/turn              (no ring)
MPRegen  0.12/turn              (no ring)

@: very slightly contaminated
A: no striking features
a: no special abilities


You were on level 2 of the Dungeon.
You were not hungry.

You visited 1 branch of the dungeon, and saw 2 of its levels.

You collected 64 gold pieces.

Inventory:

Hand Weapons
 h - a +0 club (weapon)
Missiles
 b - 17 arrows
 e - 25 stones (quivered)
 f - 15 sling bullets
 j - 17 bolts
Armour
 a - a +0 robe (worn)
Scrolls
 g - a scroll of fog {unknown}
 k - a scroll of noise {unknown}
Potions
 d - 2 potions of invisibility {unknown}
 i - a potion of resistance {unknown}
 l - a potion of mutation {unknown}
Comestibles
 c - a ration
 m - a chunk of flesh


   Skills:
 - Level 2.4 Dodging
 - Level 2.4 Stealth
 + Level 3.7 Spellcasting
 * Level 2.8 Conjurations
 + Level 3.7 Fire Magic


You couldn't memorise any spells.
You knew the following spells:

 Your Spells              Type           Power        Failure   Level  Hunger
a - Flame Tongue          Conj/Fire      ###..        3%          1    None
b - Throw Flame           Conj/Fire      ###...       5%          2    ##.....
c - Conjure Flame         Conj/Fire      ###.....     11%         3    ###....
d - Inner Flame           Hex/Fire       ##......     19%         3    ###....

Your spell library contained the following spells:

 Spells                   Type           Power        Failure   Level  Hunger
 Fireball                 Conj/Fire      ###.......   67%         5    ######.
 Sticky Flame             Conj/Fire      ###.....     34%         4    ####...


Dungeon Overview and Level Annotations

Branches:
Dungeon (2/15)

Altars:
Sif Muna


Message History

You are too injured to fight recklessly!
You closely miss the rat. The rat misses you.
You barely miss the rat. The rat bites you. x2
* * * LOW HITPOINT WARNING * * *
You barely miss the rat. The rat completely misses you.
You barely miss the rat. The rat closely misses you.
You closely miss the rat. The rat bites you.
* * * LOW HITPOINT WARNING * * *
The rat misses you.
Casting: Flame Tongue (safe; 3% risk of failure)
Confirm with . or Enter, or press ? or * to list all spells.
Aiming: Flame Tongue (safe; 3% risk of failure)
Press: ? - help, Shift-Dir - straight line, f/p - rat
Aim: a rat The flame tongue hits the rat.
The rat appears unharmed.
The rat closely misses you.
You hit the rat.
The rat is heavily wounded.
The rat bites you.
You die...

.. ### ###### ... ..#
#....# ##.##
#.#########..).# .....
#.......<......#
......#.#########....#
(.....#.# #....#
((_(..[.# #....###
#@#########.##.>..
#r##......)....###
#.##.######.######
#.####.#รท.# ###....>..
..........#####....#####
....##....##....#.## .#
.......#####.#.#
...##....# #...# ..
#....# ##..####


You could see a rat.

Vanquished Creatures
  An adder (D:2)
  An ooze (D:1)
  A worm (D:2)
  A dart slug (D:2)
  A leopard gecko (D:1)
  A giant cockroach (D:1)
  2 goblins
  3 hobgoblins
  5 jackals
  4 bats
  A frilled lizard (D:2)
  4 kobolds
  3 rats (D:1)
28 creatures vanquished.

Notes
Turn   | Place    | Note
-------+----------+-------------------------------------------
     0 | D:1      | Hebeh the Deep Elf Fire Elementalist began the quest for the Orb.
     0 | D:1      | Reached XP level 1. HP: 10/10 MP: 6/6
   284 | D:1      | Reached XP level 2. HP: 15/15 MP: 1/8
  1812 | D:2      | Reached XP level 3. HP: 18/19 MP: 1/10
  1884 | D:2      | Learned a level 2 spell: Throw Flame
  1888 | D:2      | Learned a level 3 spell: Conjure Flame
  1892 | D:2      | Learned a level 3 spell: Inner Flame
  2033 | D:2      | Found a deep blue altar of Sif Muna.
  2084 | D:2      | Slain by a rat

Vault maps used:
D:1:      dpeg_arrival_snail, hex_tiny, minivault_19
D:2:      old_standard_altar

Skill      XL: |  1  2 |
---------------+-------+-----
Conjurations   | 2 |  2.8
Dodging        | |  2.4
Stealth        | |  2.4
Spellcasting   | |  3.7
Fire Magic     | |  3.7

Action                   || total
-------------------------++-------
Melee: Club              ||    11
Throw: Stone             ||    44
 Cast: Flame Tongue      ||    59
  Eat: Chunk             ||     3
Armor: Robe              ||     1
Dodge: Dodged            ||    23

Table legend:
 A = Spawn XP
 B = Non-spawn XP
 C = Spawn XP percentage of total XP
 D = Spawn monster count
 E = Non-spawn monster count
 F = Spawn count percentage of total count
 G = Total turns spent on level
                    A         B        C        D         E        F      G
               +---------+---------+-------+---------+---------+-------+---------
         Total |       0 |      69 |   0.0 |       0 |      28 |   0.0 |  2084
               +---------+---------+-------+---------+---------+-------+---------
           D:1 |       0 |      32 |   0.0 |       0 |      17 |   0.0 |  1482
           D:2 |       0 |      37 |   0.0 |       0 |      11 |   0.0 |   602
               +---------+---------+-------+---------+---------+-------+---------
